 Dungeon Crawl Stone Soup version 0.25.1-8-g42b30a86e7 (webtiles) character file.

Game seed: 7313534411138868035

62 Cazemata the Chopper (level 3, 0/31 HPs)
             Began as a Minotaur Berserker on Dec 23, 2020.
             Was a Believer of Trog.
             Slain by a bullfrog (3 damage)
             ... on level 2 of the Dungeon.
             The game lasted 00:02:50 (1232 turns).

Cazemata the Chopper (Minotaur Berserker)           Turns: 1232, Time: 00:02:50

Health: 0/31       AC:  2    Str: 21    XL:     3   Next: 85%
Magic:  2/2        EV: 12    Int:  5    God:    Trog [**....]
Gold:   62         SH:  0    Dex:  9    Spells: 2/2 levels left

rFire    . . .     SeeInvis .   a - +0 hand axe
rCold    . . .     Gourm    .   (no shield)
rNeg     . . .     Faith    .   b - +0 animal skin
rPois    .         Spirit   .   (helmet restricted)
rElec    .         Reflect  .   (no cloak)
rCorr    .         Harm     .   (no gloves)
MR       ++...                  (no boots)
Stlth    +.........             (no amulet)
HPRegen  1.10/turn              (no ring)
MPRegen  0.08/turn              (no ring)

@: regenerating
A: retaliatory headbutt, horns 2
a: Berserk, Trog's Hand, Renounce Religion


You were on level 2 of the Dungeon.
You worshipped Trog.
Trog was pleased with you.
You were not hungry.

You visited 1 branch of the dungeon, and saw 2 of its levels.

You collected 62 gold pieces.

Inventory:

Hand Weapons
 a - a +0 hand axe (weapon)
Armour
 b - a +0 animal skin (worn)
Scrolls
 d - 5 scrolls of identify {unknown}
 e - 2 scrolls of enchant weapon {unknown}
 h - a scroll of remove curse {unknown}
 j - a scroll of magic mapping {unknown}
Potions
 g - a potion of lignification {unknown}
 i - a potion of flight {unknown}
Comestibles
 c - 2 rations
 f - 3 chunks of flesh


   Skills:
 - Level 3.6 Fighting
 * Level 5.8 Axes
 - Level 2.4 Armour
 - Level 2.1 Dodging


You had 2 spell levels left.
You didn't know any spells.
Your spell library was empty.

Dungeon Overview and Level Annotations

Branches:
Dungeon (2/15)

Altars:


Innate Abilities, Weirdness & Mutations

You reflexively headbutt those who attack you in melee.
You have a pair of horns on your head.


Message History

The bullfrog is almost dead.
You hit the goblin but do no damage. The bullfrog hits you.
* * * LOW HITPOINT WARNING * * *
The bullfrog misses you. The goblin hits you.
* * * LOW HITPOINT WARNING * * *
You hit the bullfrog.
The bullfrog is almost dead.
You hit the goblin.
You kill the goblin!
Trog accepts your kill. The bullfrog barely misses you.
You barely miss the bullfrog. Your headbutt misses the bullfrog.
The bullfrog is almost dead.
The bullfrog hits you.
* * * LOW HITPOINT WARNING * * *
The bullfrog hits you but does no damage.
You hit the bullfrog.
The bullfrog is almost dead.
The bullfrog hits you.
You die...

.# #.....'.......#
.####'#####....####
.##..........#.########.
.##......#####..........
.##......# #..........
.........# #..........
.........#####..........
.........'..............
.........######.@F......
###......'....+.†.......
#......######........#
#..[...# #........#
#......# #........#
######## ##########


You could see a bullfrog.

Vanquished Creatures
  An adder (D:2)
  A worm (D:2)
  3 dart slugs (D:1)
  A leopard gecko (D:1)
  5 giant cockroaches
  7 goblins
  4 hobgoblins (D:1)
  3 ball pythons (D:1)
  3 bats
  6 frilled lizards
  3 kobolds (D:1)
  5 rats
42 creatures vanquished.

Notes
Turn   | Place    | Note
-------+----------+-------------------------------------------
     0 | D:1      | Cazemata the Minotaur Berserker began the quest for the
                  | Orb.
     0 | D:1      | Reached XP level 1. HP: 19/19 MP: 0/0
    23 | D:1      | Reached skill level 4 in Axes
   188 | D:1      | Reached XP level 2. HP: 26/26 MP: 1/1
   396 | D:1      | Reached skill level 5 in Axes
   609 | D:1      | Reached XP level 3. HP: 25/31 MP: 2/2
   796 | D:1      | Reached ** piety under Trog
  1218 | D:2      | Noticed a bullfrog
  1232 | D:2      | Slain by a bullfrog

Illustrated notes

Levels and vault maps discovered:
D:1:      lightli_arrival_boilingwater, layout_basic
D:2:      layout_basic, nicolae_ru_sacrificial_ziggurat

Skill      XL: |  1  2 |
---------------+-------+-----
Axes           | 4 5 |  5.8
Fighting       | |  3.6
Armour         | |  2.4
Dodging        | |  2.1

Action                   || total
-------------------------++-------
Melee: Hand axe          ||   107
       Headbutt          ||    15
Invok: Trog's Hand       ||     1
  Eat: Chunk             ||     1
Armor: Animal skin       ||    32
Dodge: Dodged            ||    74
